Map: King's Cove LE

Players

shadowboxer

  • Race: Zerg Zerg
  • League: Diamond
  • Spawn Location: 11:00

wootwoot - Winner!

  • Race: Protoss Protoss
  • League: Platinum
  • Spawn Location: 5:00

VOD

Have the link to the VOD?

Description

Time

  • Played on: April 1, 2025, 10:49 p.m.
  • Length: 6:03
Show
View Real Time Build Order
Export as new Build Order

shadowboxer Zerg 

Build Orders: Hatch First 

Get SALT Encoding   

  12  0:00  Drone  
  13  0:08  Drone  
  14  0:18  Overlord  
  14  0:36  Drone x3  
  17  0:48  Drone  
  18  0:57  Hatchery  
  18  1:00  Drone  
  18  1:14  Spawning Pool  
  18  1:16  Drone  
  18  1:21  Drone  
  19  1:42  Hatchery  
  19  1:44  Drone  
  19  1:45  Extractor  
  19  1:46  Drone  
  19  1:57  Drone  
  20  2:02  Queen  
  22  2:13  Queen  
  24  2:21  Overlord  
  24  2:29  Drone x2  
  26  2:34  Drone  
  26  2:35  Drone  
  28  2:46  Lair  
  28  2:49  Drone  
  28  2:50  Drone  
  30  2:52  Drone  
  31  3:01  Queen  
  33  3:10  Drone  
  33  3:11  Drone x3  
  37  3:16  Overlord  
  37  3:22  Spore Crawler  
  37  3:26  Spore Crawler  
  35  3:28  Spore Crawler  
  34  3:37  Drone  
  34  3:38  Drone x4  
  39  3:43  Drone  
  40  3:52  Extractor  
  39  3:55  Overlord  
  39  3:57  Drone x3  
  39  4:00  Overseer  
  42  4:05  Overlord  
  42  4:13  Queen  
  42  4:14  Queen  
  46  4:17  Overlord  
  46  4:30  Drone  
  46  4:31  Drone x8  
  55  4:39  Drone x3  
  58  4:53  Queen  
  58  4:55  Hatchery  
  60  5:08  Queen  
  60  5:09  Hatchery  
  61  5:18  Queen  
  59  5:42  Zergling x2  
  59  5:43  Zergling x14  
Show
View Real Time Build Order
Export as new Build Order

wootwoot Protoss - Winner!

Build Orders: 1 Gate Expand 

Get SALT Encoding   

  12  0:01  Probe  
  13  0:13  Probe  
  14  0:20  Pylon  
  14  0:25  Probe  
  15  0:35  Probe  
  15  0:40  Gateway  
  16  0:43  Probe  
  16  0:49  Assimilator  
  17  0:52  Probe  
  18  1:04  Probe  
  19  1:16  Probe  
  20  1:28  Nexus  
  20  1:37  Cybernetics Core  
  20  1:43  Assimilator  
  20  1:49  Probe  
  20  1:50  Pylon  
  21  1:57  Probe  
  22  2:04  Adept  
  22  2:07  Probe  
  25  2:18  Warp Gate  
  25  2:19  Probe  
  26  2:26  Stargate  
  26  2:31  Probe  
  27  2:38  Probe  
  27  2:43  Probe  
  29  2:46  Probe  
  30  2:55  Probe  
  30  2:56  Probe  
  32  3:05  Void Ray  
  32  3:07  Probe  
  32  3:12  Probe  
  38  3:13  Twilight Council  
  39  3:20  Probe  
  39  3:24  Probe  
  40  3:27  Gateway  
  40  3:34  Probe  
  41  3:36  Probe  
  41  3:37  Charge  
  42  3:44  Pylon  
  42  3:48  Void Ray  
  46  4:03  Gateway  
  46  4:04  Gateway  
  46  4:05  Gateway  
  46  4:10  Gateway  
  46  4:17  Gateway  
  46  4:21  Gateway  
  46  4:29  Probe  
  46  4:30  Probe  
  48  4:38  Pylon  
  52  4:41  Void Ray  
  52  5:08  Zealot  
  52  5:09  Zealot x3  
  60  5:14  Zealot  
  60  5:19  Pylon  
  62  5:22  Pylon  
  62  5:23  Pylon  
  62  5:30  Pylon  
  62  5:41  Zealot x5  
  62  5:42  Zealot x3  
  78  5:48  Gateway  
Tags
 
Add a new tag
Caveats
  • Supply blocks, unpowered buildings, or Contaminate may cause inaccurate times.
  • Supply counts are checked every 10 seconds.